 Dungeon Crawl Stone Soup version 0.27.1-33-g824d729ab1 (webtiles) character file.

Game seed: 16356333787050400918

266 emdikay the Shield-Bearer (level 6, -3/51 HPs)
             Began as a Minotaur Fighter on Nov 30, 2021.
             Slain by an ogre (8 damage)
             ... on level 4 of the Dungeon.
             The game lasted 00:38:59 (3857 turns).

emdikay the Shield-Bearer (Minotaur Fighter)        Turns: 3857, Time: 00:39:00

Health: -3/51      AC:  5    Str: 22    XL:     6   Next: 0%
Magic:  5/5        EV:  8    Int:  5    God:
Gold:   232        SH: 10    Dex: 10    Spells: 5/5 levels left

rFire    + . .     SeeInvis .   m - +2 mace (protect)
rCold    . . .     Faith    .   c - +0 kite shield
rNeg     . . .     Spirit   .   j - +0 ring mail {rF+}
rPois    .         Reflect  .   (helmet restricted)
rElec    .         Harm     .   (no cloak)
rCorr    .         Rampage  .   (no gloves)
Will     .....                  (no boots)
Stlth    ..........             (no amulet)
HPRegen  0.17/turn              (no ring)
MPRegen  0.09/turn              (no ring)

@: no status effects
A: horns 2, retaliatory headbutt
a: no special abilities


You were on level 4 of the Dungeon.
You visited 1 branch of the dungeon, and saw 4 of its levels.

You collected 232 gold pieces.

Inventory:

Hand Weapons
 a - a +0 war axe
 m - a +2 mace of protection (weapon)
Missiles
 b - 4 javelins (quivered)
 l - 61 arrows
Armour
 c - a +0 kite shield (worn)
 j - a +0 ring mail of fire resistance (worn)
Scrolls
 g - a scroll of amnesia {unknown}
 h - a scroll of immolation {unknown}
 k - a scroll of identify {unknown}
 n - a scroll of teleportation {unknown}
 r - a scroll of fog {unknown}
Potions
 d - 2 potions of might
 e - a potion of attraction {unknown}
 f - 2 potions of curing {unknown}
 i - a potion of lignification {unknown}
 p - a potion of magic {unknown}
 q - a potion of resistance


   Skills:
 - Level 3.6 Fighting
 + Level 5.6 Axes
 - Level 3.6 Armour
 + Level 6.2 Shields


You had 5 spell levels left.
You didn't know any spells.
Your spell library was empty.

Dungeon Overview and Level Annotations

Branches:
Dungeon (4/15)
 Temple: D:4-7

Altars:

Annotations:
D:4 Eustachio


Innate Abilities, Weirdness & Mutations

You have a pair of horns on your head.
You reflexively headbutt those who attack you in melee.


Message History

You headbutt the centaur. You block the centaur's attack.
Eustachio closely misses you. You furiously retaliate!
You headbutt Eustachio, but do no damage.
The centaur wields a +0 shortbow.
The centaur shoots an arrow.
The arrow hits you.
The centaur shoots an arrow.
The arrow hits you! Eustachio hits you with a +3 falchion.
The centaur shoots an arrow.
The arrow hits you.
Eustachio mumbles some strange words.
The iron imp disappears for a moment.
Eustachio casts a spell.
Eustachio blinks!
The centaur shoots an arrow.
The arrow hits you. You block the river rat's attack.
You hit the river rat.
Your weapon exudes an aura of protection.
The river rat is moderately wounded.
The centaur unwields a +0 shortbow.
The centaur hits you. You block the centaur's attack.
The river rat closely misses you.
The quasit disappears in a puff of smoke!
The centaur wields a +0 shortbow.
The centaur shoots an arrow.
The arrow hits you!
* * * LOW HITPOINT WARNING * * *
You block the centaur's attack. The centaur kicks you.
* * * LOW HITPOINT WARNING * * *
The centaur hits you but does no damage.
You block the centaur's attack.
The centaur wields a +0 shortbow.
The centaur shoots an arrow.
The arrow completely misses you. You block the ogre's attack.
The centaur shoots an arrow.
The arrow barely misses you.
The centaur shoots an arrow.
You block the arrow.
The centaur shoots an arrow.
The arrow closely misses you. The ogre closely misses you.
You block the river rat's attack.
The centaur shoots an arrow.
You block the arrow.
The centaur shoots an arrow.
The arrow closely misses you. The ogre hits you but does no damage.
The shadow imp disappears in a puff of smoke!
The river rat bites you.
* * * LOW HITPOINT WARNING * * *
You block the ogre's attack. The ogre hits you with a +0 giant club!
You die...

#..##.##5c##5.####
#......5c.....#
#......#####.[####
#....#.# #5....#
##.#.##.# #.†##...#
##≈≈≈≈≈≈≈# #g.# ###
#..≈.....#####g.# b ###
#.#..........r.@#
≈.≈.##.##..)####@##..####
≈≈≈.b#.###<.# #.Orc....#
≈.≈.##...##.##
####.####=.# ###
#...#...### #... # #
###.......# #..... #
###...#.# ####<## ###
##.##.# .# ..# .... # #
..# ..###


You could see Eustachio, an ogre, a centaur, a river rat (summoned), a hobgoblin
and a rat (summoned).

Vanquished Creatures
  A scorpion (D:4)
  A jelly (D:4)
  Jessica (D:2)
  Terence (D:3)
  4 gnolls (D:2)
  3 adders
  4 dart slugs
  3 ball pythons (D:1)
  3 bats (D:2)
  4 endoplasms
  2 giant cockroaches (D:3)
  5 goblins
  7 hobgoblins
  6 jackals
  2 quokkas
  A frilled lizard (D:3)
  5 kobolds
  4 rats
57 creatures vanquished.

Vanquished Creatures (others)
  18 fungi
  4 plants (D:1)
  2 toadstools (D:2)
24 creatures vanquished.

Grand Total: 81 creatures vanquished

Notes
Turn   | Place    | Note
-------+----------+-------------------------------------------
     0 | D:1      | emdikay the Minotaur Fighter began the quest for the Orb.
     0 | D:1      | Reached XP level 1. HP: 19/19 MP: 0/0
   318 | D:1      | Reached skill level 4 in Shields
   318 | D:1      | Reached XP level 2. HP: 26/26 MP: 1/1
   859 | D:2      | Reached XP level 3. HP: 19/31 MP: 2/2
  1425 | D:2      | Noticed Jessica
  1432 | D:2      | Killed Jessica
  1433 | D:2      | Reached XP level 4. HP: 38/39 MP: 3/3
  1637 | D:2      | Reached skill level 5 in Shields
  2916 | D:3      | Reached XP level 5. HP: 45/45 MP: 4/4
  3097 | D:3      | Noticed Terence
  3111 | D:3      | Killed Terence
  3112 | D:3      | Reached skill level 5 in Axes
  3546 | D:4      | Noticed an ogre
  3665 | D:4      | Reached skill level 6 in Shields
  3696 | D:4      | Reached XP level 6. HP: 29/51 MP: 5/5
  3830 | D:4      | Noticed Eustachio
  3857 | D:4      | Slain by an ogre

Illustrated notes

Levels and vault maps discovered:
D:1:      minmay_arrival_stair_chambers, layout_rooms, grunt_decor_one_mirror,
          serial_bayou_crossing
D:2:      layout_loops_corners, shapermc_ecumenical_altar_petra,
          minmay_gold_behind_fungi, uniq_jessica
D:3:      layout_loops_ring, uniq_terence
D:4:      layout_loops_ring, serial_aquarium, aquarium_bridge_square
          [aquarium_subvault_window, aquarium_subvault_window,
          aquarium_subvault_balcony, aquarium_subvault_bridge],
          aquarium_bridge_straight [aquarium_subvault_bridge,
          aquarium_subvault_wall, aquarium_subvault_bridge,
          aquarium_subvault_wall], aquarium_window_1, aquarium_window_2,
          aquarium_window_3, aquarium_view_2c, aquarium_view_2f,
          chequers_serial_rivers_micro_e, hex_medium, minmay_manual_mares,
          uniq_eustachio

Skill      XL: |  1  2  3  4  5 |
---------------+----------------+-----
Shields        | 4 5 6 |  6.2
Axes           | 3 4 5 |  5.6
Fighting       | |  3.6
Armour         | |  3.6

Action                   |  1- 3 |  4- 6 || total
-------------------------+-------+-------++-------
Melee: War axe           |    51 |    29 ||    80
       Headbutt          |     8 |    11 ||    19
       Dagger            |       |    22 ||    22
       Mace              |       |    44 ||    44
Armor: Scale mail        |    18 |    42 ||    60
       Ring mail         |       |     9 ||     9
Dodge: Dodged            |     9 |    31 ||    40
Block: Kite shield       |    26 |    79 ||   105
